 Dungeon Crawl Stone Soup version 0.26-a0-597-gb535b0901c (webtiles) character file.

Game seed: 4753593570355480179

8 Alarkh the Insei (level 2, 9/22 HPs)
             Began as a Demonspawn Gladiator on Sept 15, 2020.
             Got out of the dungeon alive.
             The game lasted 00:00:40 (369 turns).

Alarkh the Insei (Demonspawn Gladiator)              Turns: 369, Time: 00:00:40

Health: 9/22       AC:  4    Str: 14    XL:     2   Next: 0%
Magic:  2/2        EV: 12    Int:  9    God:
Gold:   29         SH:  0    Dex: 14    Spells: 1/1 levels left

rFire    . . .     SeeInvis .     - Unarmed
rCold    . . .     Faith    .   (no shield)
rNeg     . . .     Spirit   .   a - +0 leather armour
rPois    .         Reflect  .   b - +0 helmet
rElec    .         Harm     .   (no cloak)
rCorr    .         Rnd*Tele +   (no gloves)
MR       .....                  (no boots)
Stlth    +.........             d - amulet of inaccuracy (curse)
HPRegen  0.07/turn              f - ring of teleportation (curse)
MPRegen  0.08/turn              (no ring)

@: no status effects
A: demonic guardian 1
a: no special abilities


You escaped.
You visited 1 branch of the dungeon, and saw 1 of its levels.

You collected 29 gold pieces.

Inventory:

Missiles
 c - 3 throwing nets (quivered)
Armour
 a - a +0 leather armour (worn)
 b - a +0 helmet (worn)
Jewellery
 d - a cursed amulet of inaccuracy (around neck)
 f - a cursed ring of teleportation (left hand)
Potions
 e - a potion of curing {unknown}
 h - 2 potions of mutation {unknown}


   Skills:
 + Level 2.2 Fighting
 - Level 1.7 Throwing
 - Level 2.6 Dodging
 * Level 3.1 Unarmed Combat


You had one spell level left.
You didn't know any spells.
Your spell library was empty.

Dungeon Overview and Level Annotations

Branches:
Dungeon (1/15)

Altars:


Innate Abilities, Weirdness & Mutations

A weak demonic guardian rushes to your aid.


Message History

The bat hits you but does no damage.
There is an open gate here.
The bat hits you but does no damage. The bat closely misses you. x2
The bat closely misses you.
There is a staircase leading out of the dungeon here.
Are you sure you want to leave the Dungeon?
This will make you lose the game! The bat hits you but does no damage.
The ball python bites you but does no damage.
The ball python barely misses you. The ball python closely misses you.
The ball python grabs you.
You stop ascending the stairs.
The ball python constricts you.
Unknown command.
Unknown command.
Unknown command.
Are you sure you want to leave the Dungeon?
This will make you lose the game! [Y]es or [N]o only, please.
Are you sure you want to leave the Dungeon?
This will make you lose the game!
You escape the ball python's grasp.
The bat closely misses you.
You have escaped!

.......###.##.##.# ###...##?..
.....#.# #.##.##.###.....##.## ##
.##..#.###...............#...###.
.##...........#.#..#..###.....#..
.....#.####......................
.......# #..##'''##...##.....#..
######## #.#....b#...###...###.
#.#..S..#....###.## #.
#.#..@..#....# ### #.
#.#.....#.#..# #. # ##+++##....#
#. ####.# #. . #. ###. #... #.##
#.#


You could see a bat and a ball python.

Vanquished Creatures
  A goblin (D:1)
  3 hobgoblins (D:1)
  A kobold (D:1)
  2 frilled lizards (D:1)
7 creatures vanquished.

Notes
Turn   | Place    | Note
-------+----------+-------------------------------------------
     0 | D:1      | Alarkh the Demonspawn Gladiator began the quest for the
                  | Orb.
     0 | D:1      | Reached XP level 1. HP: 16/16 MP: 1/1
   259 | D:1      | Reached skill level 3 in Unarmed Combat
   312 | D:1      | Gained mutation: A weak demonic guardian rushes to your
                  | aid. [demonic ancestry]
   312 | D:1      | Reached XP level 2. HP: 17/22 MP: 2/2
   369 | D:$      | Got out of the dungeon alive.

Illustrated notes

Levels and vault maps discovered:
D:1:      dpeg_arrival_windows_large_door, layout_loops_cross,
          grunt_decor_resistance

Skill      XL: |  1 |
---------------+----+-----
Unarmed Combat | 3 |  3.1
Fighting       | |  2.2
Throwing       | |  1.7
Dodging        | |  2.6

Action                   || total
-------------------------++-------
Melee: Unarmed           ||    61
       Punch             ||     1
  Use: Scroll            ||     1
Armor: Leather armour    ||    31
Dodge: Dodged            ||    55

Table legend: (Time is in decaauts)
 A = Elapsed time spent in this place.
 B = Non-inter-level travel time spent in this place.
 C = Inter-level travel time spent in this place.
 D = Time resting spent in this place.
 E = Time spent auto-exploring this place.
 F = Levels seen in this place.
 G = Mean time per level.
                   A        B        C        D        E       F      G
               +--------+--------+--------+--------+--------+-----+--------+
         Total |    365 |    365 |      0 |     90 |    149 |   1 |  365.0 |
       Dungeon |    365 |    365 |      0 |     90 |    149 |   1 |  365.0 |
               +--------+--------+--------+--------+--------+-----+--------+

Top non-repeatable levels by time:
     D:1: 365 daAuts
